 Dungeon Crawl Stone Soup version 0.28-a0-628-g3c9886e45e (webtiles) character file.

Game seed: 2068945396830555800

1376 porpoise the Magician (level 8, -4/41 HPs)
             Began as a Deep Elf Conjurer on Oct 9, 2021.
             Killed from afar by an electric eel (12 damage)
             ... with a bolt of electricity
             ... on level 6 of the Dungeon.
             The game lasted 00:19:25 (8754 turns).

porpoise the Magician (Deep Elf Conjurer)           Turns: 8754, Time: 00:19:25

Health: -4/41      AC:  2    Str:  5    XL:     8   Next: 39%
Magic:  21/30      EV: 16    Int: 25    God:
Gold:   164        SH:  0    Dex: 13    Spells: 11/22 levels left

rFire   . . .      SeeInvis .   a - +3 dagger (drain)
rCold   . . .      Faith    .   (no shield)
rNeg    . . .      Spirit   .   h - +0 robe
rPois   .          Reflect  .   (no helmet)
rElec   .          Harm     .   (no cloak)
rCorr   .          Rampage  .   (no gloves)
Will    .....                   (no boots)
Stlth   ++........              (no amulet)
HPRegen 0.13/turn               i - +4 ring of evasion
MPRegen 0.22/turn               r - ring of magical power

@: no status effects
A: no striking features
a: no special abilities


You were on level 6 of the Dungeon.
You visited 1 branch of the dungeon, and saw 6 of its levels.

You collected 164 gold pieces.

Inventory:

Hand Weapons
 a - a +3 dagger of draining (weapon)
 q - a +0 broad axe
 s - a +2 dagger of venom
Missiles
 e - 193 stones
 f - 28 sling bullets
 l - 51 poisoned darts (quivered)
Armour
 h - a +0 robe (worn)
Jewellery
 i - a +4 ring of evasion (left hand)
 j - a +4 ring of slaying
 r - a ring of magical power (right hand)
Scrolls
 b - a scroll of acquirement {unknown}
 c - a scroll of noise {unknown}
 k - a scroll of immolation {unknown}
 n - a scroll of enchant weapon
 p - 2 scrolls of amnesia
 t - a scroll of teleportation {unknown}
 v - a scroll of magic mapping
 x - a scroll of enchant armour {unknown}
Potions
 d - 2 potions of might
 g - 2 potions of curing
 m - a potion of heal wounds
 o - 3 potions of magic
 u - a potion of ambrosia
 w - a potion of mutation {unknown}


   Skills:
 - Level 2.4 Dodging
 - Level 2.4 Stealth
 + Level 7.7 Spellcasting
 - Level 7.0 Conjurations
 - Level 7.0 Hexes
 - Level 5.0 Translocations


You had 11 spell levels left.
You knew the following spells:

 Your Spells              Type           Power      Damage    Failure   Level
a - Magic Dart            Conj           100%       1d8       1%          1
b - Searing Ray           Conj           88%        2d7       1%          2
c - Fulminant Prism       Conj/Hex       22%        3d13      3%          4
d - Iskenderun's Mystic   Conj/Tloc      39%        2d9       5%          4

Your spell library contained the following spells:

 Spells                   Type           Power      Damage    Failure   Level
 Dazzling Flash           Conj/Hex       88%        N/A       1%          3
 Fireball                 Conj/Fire      13%        3d7       38%         5
 Starburst                Conj/Fire      13%        6d6       92%         6
 Ignition                 Fire           4%         3d4       100%        8


Dungeon Overview and Level Annotations

Branches:
Dungeon (6/15)
 Temple: D:4-7

Altars:
Dithmenos
Gozag
Makhleb
Sif Muna
Zin

Shops:
D:5 =


Message History

The water moccasin is almost dead.
The water moccasin bites you. The water moccasin misses you.
The searing ray misses the water moccasin.
You finish channelling your searing ray.
The water moccasin closely misses you. The water moccasin bites you.
The water moccasin barely misses you.
Casting: Searing Ray (safe; 1% risk of failure)
Confirm with . or Enter, or press ? or * to list all spells.
Aiming: Searing Ray (safe; 1% risk of failure)
Press: ? - help, Shift-Dir - straight line, f/p - water moccasin
Aim: a water moccasin (almost dead, 70% to hit)
The searing ray hits the water moccasin!
You kill the water moccasin! (Press . to maintain the ray.) Training target 7.0 for Conjurations reached!
Your Conjurations skill increases to level 7!
You start resting.
An electric eel comes into view.
An electric eel is nearby!
Casting: Searing Ray (safe; 1% risk of failure)
Confirm with . or Enter, or press ? or * to list all spells.
Aiming: Fulminant Prism (dangerous; 3% risk of failure)
Press: ? - help, Dir - move target You conjure a prism of explosive energy!
A fulminant prism comes into view.
You hear a loud crackle.
You hear an explosion!
The electric eel shoots out a bolt of lightning at you!
The bolt of electricity hits you! x2
Casting: Fulminant Prism (dangerous; 3% risk of failure)
Confirm with . or Enter, or press ? or * to list all spells.
Aiming: Fulminant Prism (dangerous; 3% risk of failure)
Press: ? - help, Dir - move target You conjure a prism of explosive energy!
A fulminant prism comes into view.
The electric eel shoots out a bolt of lightning at you!
The bolt of electricity hits you!
* * * LOW HITPOINT WARNING * * *
The bolt of electricity hits you!
You die...

##### ......
≈≈≈≈≈.###
≈≈≈≈≈.†@###########
≈≈S≈≈.#............
≈≈≈*≈ #####<#######
.... #†# ### #.#
... ..# #.## #.


You could see an electric eel (ally target) and a friendly fulminant prism.

Vanquished Creatures
  3 water moccasins
  An ice beast (D:5)
  An ogre (D:5)
  A centaur (D:4)
  A phantom (D:5)
  2 scorpions
  A water moccasin skeleton (D:4)
  A centaur zombie (D:4)
  A bullfrog zombie (D:5)
  4 hounds
  A centaur skeleton (D:4)
  2 jellies (D:5)
  2 scorpion zombies (D:4)
  An orc wizard (D:3)
  4 hound zombies (D:4)
  3 adders
  An ufetubus (D:6)
  An adder zombie (D:4)
  8 worms
  2 dart slugs
  13 orcs
  9 endoplasms
  3 giant cockroaches
  6 hobgoblins
  4 jackals
  7 kobolds
  5 quokkas
  10 ball pythons
  3 bats
  A frilled lizard (D:3)
  8 goblins
  4 rats
114 creatures vanquished.

Vanquished Creatures (others)
  2 fulminant prisms
  2 withered plants (D:4)
4 creatures vanquished.

Grand Total: 118 creatures vanquished

Notes
Turn   | Place    | Note
-------+----------+-------------------------------------------
     0 | D:1      | porpoise the Deep Elf Conjurer began the quest for the Orb.
     0 | D:1      | Reached XP level 1. HP: 10/10 MP: 6/6
   245 | D:1      | Reached XP level 2. HP: 15/15 MP: 6/8
   248 | D:1      | Learned a level 2 spell: Searing Ray
  1167 | D:2      | Reached skill level 5 in Conjurations
  1167 | D:2      | Reached XP level 3. HP: 19/19 MP: 7/10
  2499 | D:3      | Reached XP level 4. HP: 20/24 MP: 12/12
  2545 | D:3      | Learned a level 4 spell: Fulminant Prism
  2550 | D:3      | Learned a level 4 spell: Iskenderun's Mystic Blast
  2558 | D:3      | Found an opulent altar of Gozag.
  2850 | D:3      | Found a shimmering blue altar of Sif Muna.
  2850 | D:3      | Found a glowing silver altar of Zin.
  2974 | D:3      | Found a shadowy altar of Dithmenos.
  2981 | D:3      | Reached skill level 1 in Hexes
  3723 | D:3      | Reached skill level 5 in Spellcasting
  3961 | D:3      | Found a faded altar of an unknown god.
  4237 | D:3      | Reached XP level 5. HP: 28/28 MP: 14/14
  5720 | D:4      | Reached XP level 6. HP: 30/32 MP: 15/17
  5901 | D:4      | Reached skill level 5 in Hexes
  6121 | D:4      | Reached skill level 1 in Translocations
  6412 | D:4      | Reached XP level 7. HP: 26/36 MP: 18/19
  6697 | D:5      | Entered Level 5 of the Dungeon
  7488 | D:5      | Found Odugaho's Jewellery Shop.
  7826 | D:5      | Found a burning altar of Makhleb.
  8372 | D:5      | Reached XP level 8. HP: 27/41 MP: 12/20
  8376 | D:5      | Reached skill level 5 in Translocations
  8754 | D:6      | Killed from afar by an electric eel

Illustrated notes

Levels and vault maps discovered:
D:1:      shiori_arrival_oz, layout_basic
D:2:      layout_basic, kennysheep_pointless_box, minmay_cupped
D:3:      layout_basic, grunt_gozag_statues,
          gammafunk_temple_overflow_forgotten,
          shapermc_ecumenical_altar_mp_highgroup, amcnicky_mini_pool_small,
          eino_curves_01
D:4:      layout_basic, serial_undead, serial_undead_f, serial_undead_e,
          serial_undead_d, serial_undead_a, serial_undead_e
D:5:      layout_basic, makhleb_heckhound_becter,
          minmay_shop_enchanted_jewellery
D:6:      layout_loops_ring, st_stairs_7, nrook_pool_corridor,
          minmay_increasing_density, uniq_sigmund

Skill      XL: |  1  2  3  4  5  6  7  8 |
---------------+-------------------------+-----
Spellcasting   | 4 5 6 7 |  7.7
Conjurations   | 5 6 7 |  7.0
Hexes          | 2 4 5 7 |  7.0
Translocations | 2 4 5 |  5.0
Dodging        | |  2.4
Stealth        | |  2.4

Action                   |  1- 3 |  4- 6 |  7- 9 || total
-------------------------+-------+-------+-------++-------
Throw: Dart              |       |    37 |    11 ||    48
 Cast: Magic Dart        |    40 |    19 |       ||    59
       Searing Ray       |    12 |    45 |    20 ||    77
       Iskenderun's Myst |       |       |     5 ||     5
       Fulminant Prism   |       |       |     3 ||     3
  Use: Scroll            |       |     6 |     2 ||     8
Armor: Robe              |       |     7 |     4 ||    11
Dodge: Dodged            |     2 |    29 |    26 ||    57

Table legend: (Time is in decaauts)
 A = Elapsed time spent in this place.
 B = Non-inter-level travel time spent in this place.
 C = Inter-level travel time spent in this place.
 D = Time resting spent in this place.
 E = Time spent auto-exploring this place.
 F = Levels seen in this place.
 G = Mean time per level.
                   A        B        C        D        E       F      G
               +--------+--------+--------+--------+--------+-----+--------+
         Total |   8750 |   8627 |    123 |   4995 |   2721 |   6 | 1458.3 |
       Dungeon |   8750 |   8627 |    123 |   4995 |   2721 |   6 | 1458.3 |
               +--------+--------+--------+--------+--------+-----+--------+

Top non-repeatable levels by time:
     D:4: 2213 daAuts
     D:3: 1991 daAuts
     D:5: 1864 daAuts
     D:2: 1620 daAuts
     D:1: 868 daAuts
     D:6: 191 daAuts
